 Dungeon Crawl Stone Soup version 0.31.0-9-g3a7656b989 (webtiles) character file.

Game seed: 12091023546217984138

1854 qw the Skirmisher (level 8, -2/39 (46) HPs)
             Began as a Deep Elf Hunter on Feb 2, 2024.
             Slain by a wight
             ... wielding a +3 trident
              (9 damage)
             ... on level 6 of the Dungeon.
             The game lasted 00:00:21 (3633 turns).

qw the Skirmisher (Deep Elf Hunter)                 Turns: 3633, Time: 00:00:22

HP:   -2/39 (46)    AC: 10    Str: 16    XL:     8   Next: 89%
MP:   10/10         EV: 13    Int: 17    God:
Gold: 94            SH:  0    Dex: 18    Spells: 7/7 levels left

rFire   . . .        s - +0 orcbow (drain)
rCold   . . .        (shield currently unavailable)
rNeg    . . .        i - +3 ring mail of Zagighemp {Int+2}
rPois   .            (no helmet)
rElec   .            (no cloak)
rCorr   .            j - +0 pair of gloves
SInv    +            e - +0 pair of boots
Will    .....        (no amulet)
Stlth   +            c - +6 ring of strength
HPRegen 0.26/turn    p - ring of see invisible
MPRegen 0.12/turn

%: no passive effects
@: about to teleport, heavily drained
A: no striking features
a: no special abilities


You were on level 6 of the Dungeon.
You visited 1 branch of the dungeon, and saw 6 of its levels.

You collected 363 gold pieces.
You spent 269 gold pieces at shops.


   Skills:
 - Level 3.1 Fighting
 + Level 13.8 Ranged Weapons
 - Level 2.0 Armour
 - Level 5.1 Dodging
 - Level 1.2 Stealth


You had 7 spell levels left.
You didn't know any spells.
Your spell library was empty.

Inventory:

Hand Weapons
 b - the +7 sling of Chance {drain, rElec rF+ Str-2 SInv}
   (You found it on level 2 of the Dungeon)

   Str-2:     It affects your strength (-2).
   rF+:       It protects you from fire.
   rElec:     It insulates you from electricity.
   SInv:      It lets you see invisible.
 s - a +0 orcbow of draining (weapon)
Armour
 e - a +0 pair of boots (worn)
 i - the +3 ring mail of Zagighemp (worn) {Int+2}
   (You found it on level 5 of the Dungeon)

   Int+2:     It affects your intelligence (+2).
 j - a +0 pair of gloves (worn)
Jewellery
 c - a +6 ring of strength (left hand)
 p - a ring of see invisible (right hand)
Wands
 l - a wand of flame (20)
Scrolls
 g - a scroll of identify
 r - 3 scrolls of teleportation
Potions
 a - 2 potions of cancellation
 d - 2 potions of enlightenment
 f - 2 potions of might
 h - a potion of resistance
 k - 2 potions of mutation {unknown}
 q - a potion of magic {unknown}

Dungeon Overview and Level Annotations

Branches:
Dungeon (6/15)
 Temple: D:4-7

Altars:

Shops:
D:3 [   D:5 =   D:6 [


Message History

The arrow hits the wight but does no damage.
The wight hits you from afar with a +3 trident.
You feel drained. The wight hits you but does no damage.
You shoot an arrow. The arrow closely misses the wight.
The arrow barely misses the wight.
The wight hits you from afar with a +3 trident!
You feel drained.
You shoot an arrow.
The arrow hits the wight but does no damage.
The wight is heavily damaged.
The wight misses you.
The wight hits you from afar with a +3 trident.
You shoot an arrow.
The arrow hits the wight but does no damage.
The wight is heavily damaged.
The wight hits you from afar with a +3 trident.
You shoot an arrow.
The arrow hits the wight but does no damage.
The wight is heavily damaged.
The wight closely misses you. x2
You shoot an arrow. The arrow hits the wight!
The wight is almost destroyed.
The wight hits you but does no damage.
The wight hits you from afar with a +3 trident.
You feel drained.
You shoot an arrow. The arrow closely misses the wight.
You hear a shout!
The wight hits you with a +0 war axe.
You feel drained. The wight barely misses you.
3632 ||| READING 4 scrolls of teleportation.
As you read the scroll of teleportation, it crumbles to dust.
You feel strangely unstable. The wight hits you but does no damage.
The wight barely misses you.
You shoot an arrow.
The arrow hits the wight but does no damage.
The wight is almost destroyed.
The wight closely misses you.
An orc comes into view. It is wielding a +0 club.
The wight hits you from afar with a +3 trident!
You die...

#.. #.....##
...z#.)....###
......?......#
#.....z..##..#
#^...##......#
#....###.o..##
#..>..###z...# .
#......z.z...#
..##...#.@.##..#
.....###..## #..#
......#.## ##..# .
#....##..[.... ..
##........#. ...
.........##............#..
.............)######..#
.........##...#...#..<#
.........###.........


You could see 3 wights and an orc.

Vanquished Creatures
  Sigmund (D:4)
  Menkaure (D:4)
  An orc warrior (D:6)
  4 black bears (D:5)
  2 phantoms (D:5)
  4 scorpions
  2 wights (D:6)
  2 bombardier beetles
  3 orc priests
  3 hounds
  2 iguanas (D:5)
  A sleepcap (D:5)
  Terence (D:3)
  2 orc wizards (D:5)
  7 adders
  3 gnolls (D:4)
  2 shadow imps (D:6)
  2 ufetubi (D:5)
  4 dart slugs
  2 ribbon worms
  20 orcs
  5 ball pythons
  7 endoplasms
  5 giant cockroaches
  4 goblins
  7 hobgoblins
  2 jackals (D:1)
  8 kobolds
  3 quokkas
  7 bats
  4 frilled lizards
  3 rats
124 creatures vanquished.

Notes
Turn   | Place    | Note
-------+----------+-------------------------------------------
     0 | D:1      | qw the Deep Elf Hunter began the quest for the Orb.
     0 | D:1      | Reached XP level 1. HP: 12/12 MP: 3/3
     0 | D:1      | 0 ||| qw: Version: 0.3-a-155-g5e7d8dd
     0 | D:1      | 0 ||| qw: Game counter: 2679
     0 | D:1      | 0 ||| qw: Melee chars always use a shield: true
     0 | D:1      | 0 ||| qw: God list: Okawaru
     0 | D:1      | 0 ||| qw: Allow faded altars: false
     0 | D:1      | 0 ||| qw: Do Orc after clearing Dungeon:15 true
     0 | D:1      | 0 ||| qw: Do second Lair branch before Depths: true
     0 | D:1      | 0 ||| qw: Lair rune preference: random
     0 | D:1      | 0 ||| qw: Goals: Normal
     0 | D:1      | 0 ||| PLANNING D:1-11
   150 | D:1      | Reached skill level 6 in Ranged Weapons
   150 | D:1      | Reached XP level 2. HP: 16/16 MP: 4/4
   573 | D:1      | Reached XP level 3. HP: 20/20 MP: 5/5
   823 | D:1      | 823 ||| READING scroll labelled SELECEH GIK.
   824 | D:1      | 824 ||| READING scroll labelled ARONLU VELEKUMN.
   824 | D:1      | 824 ||| IDENTIFYING fuming dark potion
   825 | D:1      | 825 ||| READING scroll labelled AJEFIRHU UDDEL.
   826 | D:1      | 826 ||| DRINKING 2 murky red potions.
   827 | D:1      | 827 ||| DROPPING scroll of butterflies.
   828 | D:1      | 828 ||| DROPPING potion of attraction.
   869 | D:2      | 869 ||| STAIRDANCE
   874 | D:2      | 874 ||| STAIRDANCE
   910 | D:2      | 910 ||| STAIRDANCE
   928 | D:2      | Identified the +7 sling of Chance {drain, rElec rF+ Str-2
                  | SInv}
   930 | D:2      | 930 ||| SWAPPING to +7 sling of Chance {drain, rElec rF+
                  | Str-2 SInv}.
   931 | D:2      | 931 ||| DROPPING +0 shortbow.
   966 | D:2      | Reached skill level 7 in Ranged Weapons
  1272 | D:2      | 1272 ||| UPGRADING to +0 pair of gloves.
  1277 | D:2      | 1277 ||| READING 2 scrolls of identify.
  1277 | D:2      | 1277 ||| IDENTIFYING metallic amethyst potion
  1278 | D:2      | 1278 ||| READING scroll of identify.
  1278 | D:2      | 1278 ||| IDENTIFYING yellow potion
  1279 | D:2      | 1279 ||| READING scroll labelled TEVYDA AQUFIZ.
  1280 | D:2      | 1280 ||| READING scroll labelled HEIRHI NEBIN.
  1303 | D:3      | Found Axtauc's Armour Boutique.
  1316 | D:3      | 1316 ||| BUYING +0 pair of boots (63 gold).
  1316 | D:3      | Bought a +0 pair of boots for 63 gold pieces
  1316 | D:3      | 1316 ||| BUYING +0 ring mail (56 gold).
  1316 | D:3      | Bought a +0 ring mail for 56 gold pieces
  1316 | D:3      | 1316 ||| SHOPLISTING +1 helmet of see invisible (231 gold,
                  | have 38).
  1321 | D:3      | Reached XP level 4. HP: 25/25 MP: 6/6
  1375 | D:3      | Noticed Terence
  1384 | D:3      | Killed Terence
  1385 | D:3      | Reached skill level 8 in Ranged Weapons
  1483 | D:3      | Reached XP level 5. HP: 13/29 MP: 7/7
  1564 | D:3      | Reached skill level 9 in Ranged Weapons
  1601 | D:3      | Reached skill level 3 in Dodging
  1819 | D:3      | 1819 ||| UPGRADING to +0 scale mail.
  1829 | D:3      | 1829 ||| DROPPING +0 leather armour.
  1830 | D:3      | 1830 ||| UPGRADING to +0 pair of boots.
  1835 | D:3      | 1835 ||| UPGRADING to +0 ring mail.
  1845 | D:3      | 1845 ||| DROPPING +0 scale mail.
  1846 | D:3      | 1846 ||| UPGRADING to +2 leather armour of willpower.
  1856 | D:3      | 1856 ||| READING scroll labelled MEOWNA PISATT.
  1857 | D:3      | 1857 ||| READING scroll labelled ZIWONT NUREWUU.
  1858 | D:3      | 1858 ||| DRINKING 2 amethyst potions.
  1859 | D:3      | 1859 ||| DRINKING 3 silvery potions.
  1887 | D:3      | 1887 ||| DROPPING potion of degeneration.
  1888 | D:3      | 1888 ||| DROPPING 2 potions of lignification.
  1901 | D:4      | Reached XP level 6. HP: 36/36 MP: 8/8
  1917 | D:4      | Noticed Menkaure
  1923 | D:4      | Killed Menkaure
  1974 | D:4      | Reached skill level 10 in Ranged Weapons
  2075 | D:4      | Reached XP level 7. HP: 40/40 MP: 9/9
  2331 | D:4      | Noticed Sigmund
  2335 | D:4      | Killed Sigmund
  2336 | D:4      | Reached skill level 11 in Ranged Weapons
  2407 | D:4      | 2407 ||| UPGRADING to +6 ring of strength.
  2408 | D:4      | 2408 ||| READING scroll of identify.
  2408 | D:4      | 2408 ||| IDENTIFYING viscous pink potion
  2409 | D:4      | 2409 ||| READING scroll labelled ZOPIBB CEANT.
  2457 | D:5      | Entered Level 5 of the Dungeon
  2457 | D:5      | Found Saek's Jewellery Shoppe.
  2460 | D:5      | You fall into a shaft and drop 1 floor!
  2477 | D:6      | Found Baptu's Armour Shoppe.
  2542 | D:5      | Identified the +3 ring mail of Zagighemp {Int+2}
  2609 | D:5      | Reached XP level 8. HP: 45/45 MP: 10/10
  2616 | D:5      | Reached skill level 12 in Ranged Weapons
  2660 | D:5      | Reached skill level 3 in Fighting
  2877 | D:5      | 2877 ||| SHOPLISTING +5 ring of evasion (360 gold, have
                  | 179).
  2877 | D:5      | 2877 ||| SHOPLISTING amulet of guardian spirit (300 gold,
                  | have 179).
  2877 | D:5      | 2877 ||| SHOPLISTING amulet of reflection (300 gold, have
                  | 179).
  2877 | D:5      | 2877 ||| SHOPLISTING ring of ice (250 gold, have 179).
  2877 | D:5      | 2877 ||| SHOPLISTING ring of poison resistance (200 gold,
                  | have 179).
  2877 | D:5      | 2877 ||| BUYING ring of see invisible (150 gold).
  2877 | D:5      | Bought a ring of see invisible for 150 gold pieces
  3167 | D:5      | Reached skill level 13 in Ranged Weapons
  3317 | D:5      | 3317 ||| DROPPING +0 ring mail.
  3318 | D:5      | 3318 ||| UPGRADING to +3 ring mail of Zagighemp {Int+2}.
  3328 | D:5      | 3328 ||| DROPPING +2 leather armour of willpower.
  3329 | D:5      | 3329 ||| READING scroll labelled OLUNOA SABRU.
  3430 | D:5      | 3430 ||| READING scroll labelled NABLUU ID BAUCE.
  3430 | D:5      | 3430 ||| BRANDING +0 orcbow.
  3431 | D:5      | 3431 ||| SWAPPING to +0 orcbow of flaming.
  3432 | D:5      | 3432 ||| UPGRADING to ring of see invisible.
  3480 | D:6      | 3480 ||| SHOPLISTING +2 cloak of willpower (236 gold, have
                  | 72).
  3480 | D:6      | 3480 ||| SHOPLISTING +2 fire dragon scales (792 gold, have
                  | 72).
  3480 | D:6      | 3480 ||| SHOPLISTING +2 ring mail of willpower (231 gold,
                  | have 72).
  3553 | D:6      | 3553 ||| READING scroll of brand weapon.
  3553 | D:6      | 3553 ||| BRANDING +0 orcbow of flaming.
  3613 | D:6      | 3613 ||| RETREEEEATING.
  3614 | D:6      | 3614 ||| RETREEEEATING.
  3615 | D:6      | 3615 ||| RETREEEEATING.
  3616 | D:6      | 3616 ||| RETREEEEATING.
  3622 | D:6      | 3622 ||| FLEEEEING.
  3631 | D:6      | HP: 8/40 [wight/+0 war axe (3)]
  3632 | D:6      | 3632 ||| READING 4 scrolls of teleportation.
  3633 | D:6      | Slain by a wight

Levels and vault maps discovered:
D:1:      dpeg_arrival_renting, layout_basic
D:2:      layout_rooms, st_stairs_8
D:3:      layout_rooms, serial_shops, shop, uniq_terence
D:4:      layout_rooms, uniq_menkaure, uniq_sigmund
D:5:      layout_cave_pods, serial_column_ruins, column_ruins_hut,
          column_ruins_courtyard_long, column_ruins_grid_2,
          column_ruins_open_medium, column_ruins_open_tiny_water,
          column_ruins_open_tiny, column_ruins_columns_T,
          column_ruins_open_medium_water, serial_shops, shop
D:6:      layout_cave_pools, serial_shops,
          nicolae_shop_temple_entry_statues_fountains

Skill      XL: |  1  2  3  4  5  6  7  8 |
---------------+-------------------------+-----
Ranged Weapons | 6 7 8 9 10 11 13 | 13.8
Dodging        | 3 4 5 |  5.1
Fighting       | 2 3 |  3.1
Armour         | 2 |  2.0
Stealth        | |  1.2

Action                     |  1- 3 |  4- 6 |  7- 9 || total
---------------------------+-------+-------+-------++-------
   Fire: Shortbow          |    76 |       |       ||    76
         Sling             |    24 |    76 |   107 ||   207
         Orcbow            |       |       |    46 ||    46
    Use: Scroll            |     7 |     2 |     6 ||    15
         Potion            |     1 |     2 |       ||     3
 Armour: Leather armour    |     6 |     2 |    15 ||    23
         Ring mail         |       |       |    14 ||    14
  Dodge: Dodged            |    18 |     3 |    35 ||    56

Table legend:
 A = Non-vault XP
 B = Vault XP
 C = Vault XP percentage of total XP
 D = Non-vault monster count
 E = Vault monster count
 F = Vault count percentage of total count
                 A         B        C        D         E       F
            +---------+---------+-------+---------+---------+-------
      Total |    2214 |     435 |  16.4 |     120 |       4 |   3.2
            +---------+---------+-------+---------+---------+-------
        D:1 |      54 |       0 |   0.0 |      30 |       0 |   0.0
        D:2 |      39 |       1 |   2.5 |      13 |       1 |   7.1
        D:3 |     215 |      36 |  14.3 |      26 |       1 |   3.7
        D:4 |     280 |     398 |  58.7 |      17 |       2 |  10.5
        D:5 |    1100 |       0 |   0.0 |      24 |       0 |   0.0
        D:6 |     526 |       0 |   0.0 |      10 |       0 |   0.0
            +---------+---------+-------+---------+---------+-------
